[Event "*** SCC Grand Prix: Titled Tuesday Blitz"]
[Site "Chess.com"]
[Date "2020.08.04"]
[Round "7"]
[White "praveenb2002"]
[Black "Koksik_13"]
[Result "1-0"]
[WhiteElo "2785"]
[BlackElo "2611"]
[TimeControl "180+1"]
[EndTime "14:59:12 PDT"]
[Termination "praveenb2002 won by checkmate"]

1. d4 e6 2. c4 d5 3. Nc3 a6 4. e4 dxc4 5. Bxc4 b5 6. Bd3 Bb7 7. Nf3 c5 8. d5 exd5 9. exd5 b4 10. Ne4 Qxd5 11. O-O Be7 12. Qe2 Nc6 13. Rd1 Nd4 14.
Nxd4 cxd4 15. Bf4 Nf6 16. Nd6+ Kf8 17. Nxb7 Qxb7 18. Rac1 Re8 19. Rc7 Qb6 20. Bc4 h6 21. Re1 g5 22. Rxe7 gxf4 23. Rxf7+ Kg8 24. Qg4+ Nxg4 25.
Rxe8# 1-0

[Event "*** SCC Grand Prix: Titled Tuesday Blitz"]
[Site "Chess.com"]
[Date "2020.08.04"]
[Round "7"]
[White "DanielRensch"]
[Black "AvitalBor"]
[Result "0-1"]
[WhiteElo "2561"]
[BlackElo "2764"]
[TimeControl "180+1"]
[EndTime "14:59:23 PDT"]
[Termination "AvitalBor won by resignation"]

1. e4 e5 2. Nf3 Nc6 3. d4 exd4 4. Nxd4 g6 5. Nxc6 bxc6 6. Bc4 Bg7 7. O-O d6 8. f4 Rb8 9. Bb3 Ne7 10. f5 gxf5 11.
Bg5 h6 12. Bh4 Qd7 13. Qh5 O-O 14. Nd2 d5 15. e5 Ng6 16. Nf3 Nf4 0-1

[Event "*** SCC Grand Prix: Titled Tuesday Blitz"]
[Site "Chess.com"]
[Date "2020.08.04"]
[Round "7"]
[White "AGW2016"]
[Black "icychess54"]
[Result "1-0"]
[WhiteElo "2433"]
[BlackElo "2264"]
[TimeControl "180+1"]
[EndTime "14:59:28 PDT"]
[Termination "AGW2016 won by resignation"]

1. d4 d5 2. c4 c6 3. Nf3 Nf6 4. Qb3 e6 5. g3 Nbd7 6. Bg2 Be7 7. O-O O-O 8. Nc3 b6 9. Bf4 Bb7 10. Rfd1 Ne4 11. Ne5 Nxe5 12. Bxe5 Nxc3 13. Qxc3 Qd7 14. e4 Rac8 15. Rac1 Bg5 16. f4 Be7 17. f5 Bg5 18.
Rc2 exf5 19. exf5 f6 20. Bf4 Bxf4 21. gxf4 Qxf5 22. Re2 Rfe8 23. Rde1 Rxe2 24. Rxe2 Qxf4 25. cxd5 h5 26. dxc6 Ba6 27. Re1 Qd6 28. d5 b5 29.
Qa3 Qxa3 30. bxa3 Rd8 31. c7 Rd7 32. Re8+ Kf7 33. c8=Q Bxc8 34. Rxc8 Rb7 35. d6 1-0

[Event "*** SCC Grand Prix: Titled Tuesday Blitz"]
[Site "Chess.com"]
[Date "2020.08.04"]
[Round "7"]
[White "1stSecond"]
[Black "OparinGrigoriy"]
[Result "1-0"]
[WhiteElo "2855"]
[BlackElo "2938"]
[TimeControl "180+1"]
[EndTime "14:59:30 PDT"]
[Termination "1stSecond won by checkmate"]

1. d4 Nf6 2. c4 e6 3. Nf3 Bb4+ 4. Nbd2 O-O 5. g3 d5 6. Qc2 b6 7. Bg2 Bb7 8. O-O Nbd7 9. a3 Bd6 10. b4 c5 11.
cxd5 Nxd5 12. e4 Nc7 13. e5 Be7 14. Ng5 Bxg5 15. Bxb7 Rb8 16. Be4 h6 17. f4 Be7 18.
Nf3 Rc8 19. f5 exf5 20. Bxf5 cxd4 21. Qe4 Nb8 22. Bxc8 Qxc8 23. Nxd4 Ne6 24. Nf5 Re8 25.
Bxh6 gxh6 26. Nxh6+ Kg7 27. Rxf7+ Kxh6 28. Qh7+ Kg5 29.
Rf5+ Kg4 30. Qh5# 1-0

[Event "*** SCC Grand Prix: Titled Tuesday Blitz"]
[Site "Chess.com"]
[Date "2020.08.04"]
[Round "7"]
[White "bazar-wokzal"]
[Black "kasparicy"]
[Result "1-0"]
[WhiteElo "2473"]
[BlackElo "2375"]
[TimeControl "180+1"]
[EndTime "14:59:30 PDT"]
[Termination "bazar-wokzal won by resignation"]

1. e4 c5 2. c3 d5 3. exd5 Nf6 4. Bb5+ Nbd7 5. c4 g6 6. Nf3 Bg7 7. O-O O-O 8. Bxd7 Bxd7 9. Nc3 e6 10. d4 cxd4 11. Nxd4 exd5 12. cxd5 Rc8 13. Bg5 h6 14. Bh4 g5 15. Bg3 Bg4 16. Qb3 Nxd5 17. Qxd5 Qxd5 18. Nxd5 Bxd4 19. Ne7+ Kg7 20. Nxc8 Rxc8 21. Rac1 Re8 22. Rfe1 Be6 23. Be5+ Bxe5 24. Rxe5 Rd8 25. h4 gxh4 26. Rc7 Bxa2 27. Rxb7 a6 28. Re4 Rd1+ 29. Kh2 h3 30. Kxh3 h5 31. Re5 Be6+ 32. Rxe6 1-0

[Event "*** SCC Grand Prix: Titled Tuesday Blitz"]
[Site "Chess.com"]
[Date "2020.08.04"]
[Round "7"]
[White "Vladislav_Chizhikov"]
[Black "Rodalquilar"]
[Result "0-1"]
[WhiteElo "2454"]
[BlackElo "2642"]
[TimeControl "180+1"]
[EndTime "14:59:38 PDT"]
[Termination "Rodalquilar won by resignation"]

1. e4 Nf6 2. e5 Nd5 3. Nc3 Nxc3 4.
dxc3 d5 5. Bf4 c5 6. Qd2 Nc6 7.
Nf3 Bg4 8. Be2 e6 9. h3 Bh5 10. g4 Bg6 11. Bg3 Be7 12. O-O-O c4 13. Kb1 b5 14.
Nd4 Nxd4 15. cxd4 b4 16. Qe3 Rb8 17. h4 b3 18. axb3 cxb3 19. Bd3 Qa5 20. cxb3 Rxb3 21. Qe2 Qb5 22. Qc2 Bxd3 23. Rxd3 Qxd3 24. Qxd3 Rxd3 25.
Rc1 Kd7 26. Rc7+ Kxc7 0-1

[Event "*** SCC Grand Prix: Titled Tuesday Blitz"]
[Site "Chess.com"]
[Date "2020.08.04"]
[Round "7"]
[White "YIYUKI"]
[Black "djano"]
[Result "0-1"]
[WhiteElo "2291"]
[BlackElo "2423"]
[TimeControl "180+1"]
[EndTime "14:59:40 PDT"]
[Termination "djano won by resignation"]

1. e4 b6 2. d4 Bb7 3. Bd3 g6 4. c3 Bg7 5. Nf3 e6 6. Bg5 Ne7 7. Nbd2 h6 8. Bh4 d6 9. O-O Nd7 10. Re1 g5 11. Bg3 Ng6 12. Nc4 Qe7 13. e5 dxe5 14.
Nfxe5 Ngxe5 15. Nxe5 Nxe5 16. Bxe5 Bxe5 17. Rxe5 O-O-O 18. Qe2 Qd6 19. Re1 Kb8 20. Re3 h5 21. Be4 g4 22.
Bxb7 Kxb7 23. a4 a5 24. Re5 Qc6 25. Qb5 Qxb5 26. axb5 Rd7 27. R1e3 c6 28. bxc6+ Kxc6 29. f4 a4 30. Rf3 gxf3 0-1

[Event "*** SCC Grand Prix: Titled Tuesday Blitz"]
[Site "Chess.com"]
[Date "2020.08.04"]
[Round "7"]
[White "Euge_chess"]
[Black "Caterpiller35"]
[Result "0-1"]
[WhiteElo "2052"]
[BlackElo "2375"]
[TimeControl "180+1"]
[EndTime "14:59:40 PDT"]
[Termination "Caterpiller35 won on time"]

1. e4 d5 2. exd5 Nf6 3. Nc3 Bg4 4. Be2 h5 5. d4 Nxd5 6. Bxg4 hxg4 7. Qxg4 Nc6 8. Nxd5 Qxd5 9. c3 e6 10. Qf3 Qc4 11. Ne2 Bd6 12. Bf4 O-O-O 13. Bxd6 cxd6 14. Qxf7 Rdf8 15. Qg6 Rf6 16. Qg3 Rhf8 17. f3 e5 18.
b3 Qd3 19. Rd1 Qc2 20. Rd2 Qb1+ 21. Rd1 Qxa2 22. b4 exd4 23. cxd4 Re8 24. Rd2 Qb1+ 25.
Rd1 Qxb4+ 26. Kf2 Qb2 27. Qg4+ Kb8 28. Rhe1 Rfe6 29. f4 Nxd4 30. Rxd4 Rxe2+ 31. Rxe2 Qxd4+ 32. Kg3 Qd3+ 33. Kf2 Rxe2+ 34. Qxe2 Qxe2+ 35. Kxe2 Kc7 36. g4 Kd7 37. h4 Ke6 38. Kd3 b5 39. h5 a5 40. g5 Kf5 41. h6 gxh6 42. gxh6 Kg6 0-1

[Event "*** SCC Grand Prix: Titled Tuesday Blitz"]
[Site "Chess.com"]
[Date "2020.08.04"]
[Round "7"]
[White "LubovMarkelova"]
[Black "Kavyev_Ruslan"]
[Result "1-0"]
[WhiteElo "2254"]
[BlackElo "2387"]
[TimeControl "180+1"]
[EndTime "14:59:41 PDT"]
[Termination "LubovMarkelova won by resignation"]

1. d4 Nf6 2. Nf3 g6 3. Bg5 Bg7 4. Nbd2 d5 5. e3 Kf8 6. Bd3 h6 7. Bh4 Kg8 8. O-O Kh7 9. c3 Re8 10. Qc2 Kg8 11. Rfe1 c5 12. dxc5 a6 13. b4 Bg4 14. h3 Bxf3 15. Nxf3 Nbd7 16. Rad1 Qc7 17. Bg3 Qc8 18. a3 e6 19. c4 b6 20. cxb6 Nxb6 21.
c5 Nbd7 22. Ne5 Nh5 23. Nxd7 Qxd7 24. Bd6 Rec8 25. Qb3 Nf6 26. Rc1 Ne8 27. Bg3 Nc7 28.
Red1 Rab8 29. a4 e5 30. Be2 Qc6 31. Qa3 Rd8 32. Rb1 Kh7 33. Rdc1 Rb7 34. Qb2 Rdb8 35.
Qc3 d4 36. exd4 exd4 37. Qa3 Ra8 38. Bf3 Nd5 39. Qa2 Rd7 40. b5 axb5 41. axb5 Rxa2 42. bxc6 Rd8 43. Bxd5 Rxd5 44. c7 Ra8 45. Rb8 1-0

[Event "*** SCC Grand Prix: Titled Tuesday Blitz"]
[Site "Chess.com"]
[Date "2020.08.04"]
[Round "7"]
[White "TigrVShlyape"]
[Black "amintabatabaei"]
[Result "1-0"]
[WhiteElo "2866"]
[BlackElo "2954"]
[TimeControl "180+1"]
[EndTime "14:59:43 PDT"]
[Termination "TigrVShlyape won by resignation"]

1. e4 c5 2. Nf3 d6 3. Nc3 Nf6 4. Bc4 Nc6 5. d3 g6 6. h3 Bg7 7. O-O O-O 8. a3 a6 9. Ba2 b5 10. Bf4 Nd7 11. Qd2 Bb7 12. Bh6 Rc8 13. Rae1 e6 14.
Bxg7 Kxg7 15. Ne2 Qf6 16. c3 a5 17. Ng3 b4 18. Nh2 bxc3 19. bxc3 h5 20. f4 Qh4 21.
Re3 Ba6 22. Qe1 Kg8 23. f5 c4 24. d4 Rb8 25. Nf3 Qe7 26. Qd2 a4 27. Re2 h4 28.
Nh1 Rfe8 29. Qh6 exf5 30. Ng5 Nf8 31. exf5 Qxe2 32. f6 Qe3+ 33. Nf2 Ne6 34. Qh7+ 1-0

[Event "*** SCC Grand Prix: Titled Tuesday Blitz"]
[Site "Chess.com"]
[Date "2020.08.04"]
[Round "7"]
[White "ChessArchitect64"]
[Black "Chuchofrio1"]
[Result "0-1"]
[WhiteElo "1888"]
[BlackElo "2290"]
[TimeControl "180+1"]
[EndTime "14:59:52 PDT"]
[Termination "Chuchofrio1 won by resignation"]

1. e4 e5 2. Nf3 Nc6 3. Bb5 a6 4. Bxc6 dxc6 5. O-O Bg4 6. d3 Qf6 7. Nbd2 Bc5 8. Qe1 Ne7 9. c3 Rd8 10. d4 exd4 11. cxd4 Bxd4 12. Nxd4 Rxd4 13. Nb3 Rd8 14. Qb4 Qg6 15. Kh1 Be2 16. Re1 Bd3 17. Bf4 Rd7 18. Nc5 Rd8 19. Bxc7 Rc8 20. Qxb7 Bb5 21. Bd6 Qxd6 22.
Nxa6 Bxa6 23. Qxa6 O-O 24. Rad1 Qg6 25. Qa3 Qf6 26. Rd6 Qe5 27. Rd7 Ng6 28. f3 Rfd8 29. Qd3 Rxd7 30. Qxd7 Qe6 31. Qa7 Rd8 32. b3 Nf4 33.
Qc7 Qd6 34. Qxd6 Rxd6 35. Rc1 Ne2 36. Re1 Nf4 37. g3 Nd3 38. Rd1 Nf2+ 39. Kg2 Nxd1 0-1

[Event "*** SCC Grand Prix: Titled Tuesday Blitz"]
[Site "Chess.com"]
[Date "2020.08.04"]
[Round "7"]
[White "Machidon"]
[Black "RaunakSadhwani2005"]
[Result "1-0"]
[WhiteElo "2530"]
[BlackElo "2923"]
[TimeControl "180+1"]
[EndTime "14:59:54 PDT"]
[Termination "Machidon won by resignation"]

1. d4 Nf6 2. c4 g6 3. Nc3 Bg7 4. e4 d6 5. h3 O-O 6. Be3 c5 7. d5 e6 8. Nf3 exd5 9. exd5 b5 10. cxb5 Nbd7 11. Be2 Nb6 12. Qb3 Bb7 13. Rd1 Rc8 14.
O-O Re8 15. a4 c4 16. Bxb6 cxb3 17. Bxd8 Rexd8 18. Nd2 Re8 19. Bf3 Nd7 20. Nxb3 Ne5 21. Na5 Ba8 22. Nc6 Rc7 23. Rfe1 Kf8 24. Be2 Rec8 25. f4 Nd7 26. Bd3 Nc5 27. Bc2 h5 28.
g4 hxg4 29. hxg4 a6 30. b6 Rd7 31. a5 Bh6 32. g5 Bg7 33. Kg2 Ne6 34. Kg3 Bxc6 35. dxc6 Rxc6 36. Ba4 Bxc3 37. Bxc6 Bxe1+ 38. Rxe1 Rd8 39. Kg4 d5 40. b4 d4 41. Rd1 d3 42.
Rd2 Nd4 43. Be4 1-0

[Event "*** SCC Grand Prix: Titled Tuesday Blitz"]
[Site "Chess.com"]
[Date "2020.08.04"]
[Round "7"]
[White "MVM2008"]
[Black "ZEN-22"]
[Result "0-1"]
[WhiteElo "2237"]
[BlackElo "2505"]
[TimeControl "180+1"]
[EndTime "15:00:01 PDT"]
[Termination "ZEN-22 won on time"]

1. e4 c5 2. Nf3 Nf6 3. e5 Nd5 4. c4 Nf4 5. d4 Ng6 6. h4 cxd4 7. h5 Nxe5 8. Nbd2 Nbc6 9. Ne4 Nxf3+ 10. Qxf3 h6 11. Bd3 e6 12. Bf4 Ne5 13. Qg3 Nxd3+ 14.
Qxd3 d5 15. Ng3 Bb4+ 16. Kf1 dxc4 17. Qxc4 Ba5 18. Rd1 Bb6 19. Ne4 O-O 20. Qc1 f5 21. Nd6 Bd7 22. Be5 Bc7 23. Nxb7 Bb5+ 24. Kg1 Bxe5 25.
Nxd8 Raxd8 26. Qc5 Rd5 27. Qe7 Rf6 28. Qxa7 f4 29. a4 Be2 30. Rd2 d3 31. a5 Bd4 32.
Qb8+ Kh7 33. a6 f3 34. g3 Ra5 35. Rh4 Ra1+ 36. Kh2 Bxf2 37. a7 Bxa7 38. Qb3 Bg1+ 39. Kh3 Bf1+ 0-1

[Event "*** SCC Grand Prix: Titled Tuesday Blitz"]
[Site "Chess.com"]
[Date "2020.08.04"]
[Round "7"]
[White "abfchess"]
[Black "AndrewDGreen"]
[Result "1/2-1/2"]
[WhiteElo "2159"]
[BlackElo "2390"]
[TimeControl "180+1"]
[EndTime "15:00:04 PDT"]
[Termination "Game drawn by agreement"]

1. d4 Nf6 2. Nf3 g6 3. Bg5 Bg7 4. Nbd2 O-O 5. c3 d5 6. e3 c5 7. Be2 Nc6 8. O-O Qb6 9. Qb3 Re8 10. Qxb6 axb6 11. a3 e5 12. Bb5 Nd7 13. Rfd1 h6 14.
Bh4 e4 15. Ne1 f5 16. Bg3 Nf6 17. Bc7 Nd7 18. dxc5 bxc5 19. Nb3 c4 20. Nd4 Nxd4 21. cxd4 Re6 22. Nc2 Nf6 23. Nb4 Bf8 24. Be5 Bxb4 25. axb4 Rxa1 26. Rxa1 Bd7 27. Ra8+ Re8 28. Rxe8+ Bxe8 29. Bxf6 Bxb5 30. f3 Kf7 31. Be5 Ke6 32. Kf2 Kd7 33.
Bg7 h5 34. fxe4 fxe4 35. Kg3 Ke6 36. Kf4 Be8 37. Kg5 Kf7 38. Be5 Bd7 39. h3 Ba4 40. g4 hxg4 41. hxg4 Bd1 42. Bd6 1/2-1/2

[Event "*** SCC Grand Prix: Titled Tuesday Blitz"]
[Site "Chess.com"]
[Date "2020.08.04"]
[Round "7"]
[White "Sn00pPawn"]
[Black "dopolian"]
[Result "0-1"]
[WhiteElo "1990"]
[BlackElo "2498"]
[TimeControl "180+1"]
[EndTime "15:00:06 PDT"]
[Termination "dopolian won by resignation"]

1. e4 Nc6 2. Nf3 d6 3. d4 Bg4 4. d5 Ne5 5. Be2 Nxf3+ 6. Bxf3 Bxf3 7. Qxf3 Nf6 8. c4 g6 9. Bd2 Bg7 10. Bc3 O-O 11. O-O a5 12. a4 Nd7 13. Bxg7 Kxg7 14.
Nd2 e5 15. dxe6 fxe6 16. Qc3+ e5 17. f4 Qf6 18. f5 Qe7 19. Rf3 Rf6 20. Raf1 Raf8 21.
Qxa5 b6 22. Qc3 Nc5 23. b3 Qf7 24. fxg6 Rxf3 25. gxf7 Rxc3 0-1

[Event "*** SCC Grand Prix: Titled Tuesday Blitz"]
[Site "Chess.com"]
[Date "2020.08.04"]
[Round "7"]
[White "Martins-BR"]
[Black "wild_cat99"]
[Result "0-1"]
[WhiteElo "2222"]
[BlackElo "2644"]
[TimeControl "180+1"]
[EndTime "15:00:07 PDT"]
[Termination "wild_cat99 won by resignation"]

1. e4 c5 2. Nf3 d6 3. d4 cxd4 4.
Nxd4 Nf6 5. Nc3 a6 6. Bg5 Nbd7 7.
f4 Qc7 8. Qf3 h6 9. Bxf6 Nxf6 10.
f5 Qc5 11. O-O-O g5 12. fxg6 Bg4 13. gxf7+ Kxf7 14. Qd3 Bxd1 15. Nxd1 Bg7 16. Nf5 b5 17. Be2 Rac8 18. Rf1 Rhf8 19. c3 Qe5 20. Nxg7 Kxg7 21. Bf3 b4 22. Kb1 Rb8 23. cxb4 Rxb4 24. Qxa6 Nxe4 25.
Qe2 Rd4 26. Re1 Nd2+ 27. Kc2 Rc8+ 28. Nc3 Qf5+ 29. Be4 Nxe4 0-1

[Event "*** SCC Grand Prix: Titled Tuesday Blitz"]
[Site "Chess.com"]
[Date "2020.08.04"]
[Round "7"]
[White "Konavets"]
[Black "VincentKeymer"]
[Result "1-0"]
[WhiteElo "3066"]
[BlackElo "2870"]
[TimeControl "180+1"]
[EndTime "15:00:09 PDT"]
[Termination "Konavets won on time"]

1. c4 e6 2. Nc3 d5 3. d4 c6 4. e4 dxe4 5. Nxe4 Bb4+ 6. Bd2 Qxd4 7. Bxb4 Qxe4+ 8. Be2 Na6 9. Bd6 Nh6 10. Qd2 Nf5 11. O-O-O Qh4 12. Nf3 Qd8 13. Ba3 Qxd2+ 14. Nxd2 Nd4 15.
Rhe1 c5 16. Ne4 Nxe2+ 17. Rxe2 b6 18. Nd6+ Ke7 19. b3 f6 20. Red2 e5 21. Nxc8+ Rhxc8 22. Rd7+ Kf8 23. Rb7 Rc7 24. Rd7 Rxb7 25. Rxb7 h5 26. Kb2 g6 27. Kc3 Nb8 28. b4 cxb4+ 29.
Kxb4 Ke8 30. Kb5 Nd7 31. Rc7 Kd8 32. Bd6 a6+ 33. Kc6 Nc5 34. Be7+ Ke8 35. Bxf6 Ne4 36.
Bxe5 Nxf2 37. Bf6 Ng4 38. Kb7 1-0

[Event "*** SCC Grand Prix: Titled Tuesday Blitz"]
[Site "Chess.com"]
[Date "2020.08.04"]
[Round "7"]
[White "Mazetovic"]
[Black "tptagain"]
[Result "0-1"]
[WhiteElo "2703"]
[BlackElo "2942"]
[TimeControl "180+1"]
[EndTime "15:00:13 PDT"]
[Termination "tptagain won by resignation"]

1. e4 c5 2. Nf3 Nc6 3. Bb5 e6 4. O-O Nge7 5. Re1 a6 6. Bf1 b6 7. c4 Nd4 8. Nxd4 cxd4 9. d3 Nc6 10. f4 Be7 11. Nd2 O-O 12. Nf3 b5 13. b3 d6 14. Bb2 e5 15. f5 Bd7 16. Qd2 bxc4 17.
dxc4 a5 18. Ba3 Rb8 19. Bd3 Nb4 20. Rab1 Kh8 21. g4 g6 22. Kh1 gxf5 23. gxf5 Nxd3 24.
Qxd3 Bc6 25. Rg1 Qd7 26. Nd2 Rg8 27. Rbf1 Bg5 28. Rxg5 Rxg5 29. Bc1 Qb7 30. Re1 Rbg8 31. Qf3 Qd7 32. Rf1 f6 33. Qf2 Qg7 34. c5 dxc5 0-1

[Event "*** SCC Grand Prix: Titled Tuesday Blitz"]
[Site "Chess.com"]
[Date "2020.08.04"]
[Round "7"]
[White "Yoshikrov"]
[Black "vova-79"]
[Result "0-1"]
[WhiteElo "2131"]
[BlackElo "2430"]
[TimeControl "180+1"]
[EndTime "15:00:18 PDT"]
[Termination "vova-79 won by resignation"]

1. e4 e6 2. d4 d5 3. Nd2 dxe4 4.
Nxe4 Nd7 5. Nf3 Ngf6 6. Nxf6+ Nxf6 7. Bd3 c5 8. c3 cxd4 9. cxd4 Bb4+ 10. Bd2 Bxd2+ 11.
Qxd2 O-O 12. O-O b6 13. Rfe1 Bb7 14. Ne5 Qd5 15. Nf3 Rfd8 16. a3 Qb3 17. Re3 Qa4 18.
Rae1 Bxf3 19. Rxf3 Rxd4 20. Qg5 Rg4 21. Qe5 Rd8 22.
b4 Qd7 23. Bb1 Qd4 24. Qc7 Qd2 25. Rf1 Qd7 26. Qe5 Qd6 27. Qc3 Rd4 28. Qc2 Rd1 29.
g3 Rxf1+ 30. Kxf1 Qd1+ 31. Kg2 Qxc2 32. Bxc2 Rc8 33. Ba4 Kf8 34. Rd3 Ke7 35. h4 Nd5 36.
Bb3 Rc3 37. Rxc3 Nxc3 38. Kf3 Nb1 39. a4 Nd2+ 0-1

[Event "*** SCC Grand Prix: Titled Tuesday Blitz"]
[Site "Chess.com"]
[Date "2020.08.04"]
[Round "7"]
[White "lacafi"]
[Black "Artem_Sadovsky"]
[Result "0-1"]
[WhiteElo "2055"]
[BlackElo "2395"]
[TimeControl "180+1"]
[EndTime "15:00:21 PDT"]
[Termination "Artem_Sadovsky won by resignation"]

1. d4 g6 2. c4 Bg7 3. Nc3 d6 4. e4 e5 5. Nf3 Nc6 6. dxe5 Nxe5 7. Nxe5 Bxe5 8. Qc2 Ne7 9. Be2 O-O 10. O-O f5 11. exf5 Nxf5 12. Qe4 Re8 13. Qb1 Bxc3 14. bxc3 Rxe2 15.
Qd3 Qe7 16. Be3 Rxe3 17. fxe3 Qxe3+ 18. Qxe3 Nxe3 19. Rfe1 Nc2 20. Re8+ Kf7 0-1

[Event "*** SCC Grand Prix: Titled Tuesday Blitz"]
[Site "Chess.com"]
[Date "2020.08.04"]
[Round "7"]
[White "ellatambien"]
[Black "onnoelgersma"]
[Result "0-1"]
[WhiteElo "2329"]
[BlackElo "2456"]
[TimeControl "180+1"]
[EndTime "15:00:29 PDT"]
[Termination "onnoelgersma won on time"]

1. c4 e6 2. Nf3 d5 3. b3 Nf6 4.
Bb2 c5 5. e3 Nc6 6. g3 d4 7.
exd4 cxd4 8. Bg2 Be7 9. O-O O-O 10. Re1 Re8 11. d3 Bc5 12. Ne5 Nxe5 13. Rxe5 Bd6 14. Re1 e5 15. Nd2 a5 16. a3 Qb6 17.
Rb1 Bf5 18. Ne4 Nxe4 19. Bxe4 Bxe4 20. Rxe4 f5 21. Re1 Qc6 22. Bc1 b5 23. g4 e4 24.
gxf5 exd3 25. Bg5 bxc4 26. bxc4 Qxc4 27. Qg4 Rxe1+ 28. Rxe1 Bxa3 29. Bf6 Qf7 30. Bxd4 Rd8 31. Bc3 Bb4 32. Bxb4 axb4 33. Qxb4 Qxf5 0-1

[Event "*** SCC Grand Prix: Titled Tuesday Blitz"]
[Site "Chess.com"]
[Date "2020.08.04"]
[Round "7"]
[White "chalowey97"]
[Black "DrMamaliga"]
[Result "0-1"]
[WhiteElo "2138"]
[BlackElo "2167"]
[TimeControl "180+1"]
[EndTime "15:00:32 PDT"]
[Termination "DrMamaliga won on time"]

1. d4 Nf6 2. Nf3 c5 3. d5 e6 4. c4 exd5 5. cxd5 d6 6. Nc3 g6 7. Bg5 Bg7 8. e3 O-O 9. h3 h6 10. Bf4 Re8 11. Be2 Ne4 12. Qc2 Qa5 13. Rc1 Bf5 14. Bd3 Nxc3 15. bxc3 Bxd3 16. Qxd3 Qxa2 17. O-O Rd8 18. Bxh6 c4 19. Qe4 Bxh6 20. Ra1 Qb3 21.
Qe7 Na6 22. Rab1 Qxc3 23. Nd4 Nc5 24. h4 Re8 25. Qc7 Bxe3 26. h5 Qxd4 27. hxg6 fxg6 28. Qxd6 Bxf2+ 29. Rxf2 Qxf2+ 30. Kxf2 Ne4+ 31. Kf3 Nxd6 32. Rh1 Kg7 33. Kg4 Re4+ 34. Kg3 Rf8 35. Rb1 b5 36.
Kh3 Re3+ 37. Kh2 a5 38. Kg1 a4 39. Kh2 a3 40. g3 a2 41. Ra1 Rf2+ 42. Kh3 Nf5 0-1

[Event "*** SCC Grand Prix: Titled Tuesday Blitz"]
[Site "Chess.com"]
[Date "2020.08.04"]
[Round "7"]
[White "goldenpuppy"]
[Black "elcandado"]
[Result "1/2-1/2"]
[WhiteElo "2427"]
[BlackElo "2583"]
[TimeControl "180+1"]
[EndTime "15:00:33 PDT"]
[Termination "Game drawn by repetition"]

1. e4 d6 2. d4 Nf6 3. Nc3 e5 4. Nf3 Nbd7 5. Bc4 Be7 6. O-O O-O 7.
a4 a5 8. h3 c6 9. Ba2 exd4 10.
Nxd4 Nc5 11. Re1 Be6 12. Bxe6 fxe6 13. Nf3 d5 14. exd5 exd5 15. Be3 Nce4 16. Nxe4 Nxe4 17. Nd2 Nd6 18. Nb3 Nc4 19. Bd4 Bf6 20. Rb1 Bxd4 21. Qxd4 Qf6 22. c3 Qxd4 23. Nxd4 Rae8 24. b3 Nd2 25.
Rxe8 Rxe8 26. Rb2 Re1+ 27. Kh2 Ne4 28. Rc2 Nc5 29. c4 dxc4 30. Rxc4 Ne4 31. Nf3 Re2 32. Ng1 Re1 33. Nf3 Re2 34. Ng1 Re1 35. Nf3 1/2-1/2

[Event "*** SCC Grand Prix: Titled Tuesday Blitz"]
[Site "Chess.com"]
[Date "2020.08.04"]
[Round "7"]
[White "Char_dasha"]
[Black "davidkalashian"]
[Result "1-0"]
[WhiteElo "2430"]
[BlackElo "2557"]
[TimeControl "180+1"]
[EndTime "15:00:34 PDT"]
[Termination "Char_dasha won by resignation"]

1. e4 c5 2. Nf3 a6 3. c3 Nf6 4. e5 Nd5 5. d4 cxd4 6. Qxd4 e6 7. Bd3 Nc6 8. Qe4 f5 9. exf6 Nxf6 10. Qe2 g6 11. h4 Bg7 12. Bg5 Qa5 13. Nbd2 Ne7 14. Nc4 Qc7 15. O-O-O b5 16. Nd6+ Kf8 17. Bf4 b4 18. c4 Qa5 19. Kb1 h6 20. Ne5 b3 21.
a3 Qb6 22. Nxg6+ Nxg6 23. Bxg6 Bb7 24. Rh3 Bc6 25. Be5 Ke7 26. Nf5+ Kd8 27. Nxg7 Ng8 28. Nxe6+ Kc8 29. Bd4 Qa5 30. Bxh8 Ne7 31. Be4 Kb7 32. Rxd7+ Kb6 33. Bd4+ 1-0

[Event "*** SCC Grand Prix: Titled Tuesday Blitz"]
[Site "Chess.com"]
[Date "2020.08.04"]
[Round "7"]
[White "MF1966Idrisov"]
[Black "Mikhail_Golubev"]
[Result "1/2-1/2"]
[WhiteElo "2361"]
[BlackElo "2594"]
[TimeControl "180+1"]
[EndTime "15:00:35 PDT"]
[Termination "Game drawn by repetition"]

1. Nf3 d6 2. d4 Nf6 3. b3 g6 4.
Bb2 Bg7 5. g3 O-O 6. Bg2 e5 7. dxe5 Nfd7 8. c4 dxe5 9. Nfd2 Nc6 10. O-O f5 11. Bxc6 bxc6 12. f3 Nc5 13. Bc3 f4 14. Ne4 Nxe4 15. Qxd8 Rxd8 16. fxe4 Bg4 17.
gxf4 Bxe2 18. Re1 Bf3 19. Bxe5 Bxe5 20. fxe5 Rd3 21. Na3 Re8 22. c5 Rxe5 23. Kf2 Rh5 24. Re3 Rxh2+ 25. Kxf3 Rh3+ 26. Kf4 Rdxe3 27. Nc4 Ref3+ 28.
Ke5 Rh5+ 29. Ke6 Rxc5 30. Rd1 g5 31. Rd7 Rf8 32. e5 g4 33. Ne3 g3 34. Nf5 Re8+ 35.
Kf6 Rcxe5 36. Nh6+ Kh8 37. Nf7+ Kg8 38. Nh6+ Kh8 39. Nf7+ Kg8 40. Nh6+ 1/2-1/2

[Event "*** SCC Grand Prix: Titled Tuesday Blitz"]
[Site "Chess.com"]
[Date "2020.08.04"]
[Round "7"]
[White "Belka1989"]
[Black "rududuyk"]
[Result "0-1"]
[WhiteElo "2269"]
[BlackElo "2091"]
[TimeControl "180+1"]
[EndTime "15:00:35 PDT"]
[Termination "rududuyk won on time"]

1. d4 e6 2. Nf3 f5 3. Bf4 Nf6 4. e3 g6 5. Be2 Bg7 6. c3 O-O 7. Nbd2 b6 8. O-O Bb7 9. h3 Kh8 10. Re1 d6 11. Qb3 Qe7 12. a4 a5 13. Rac1 Nbd7 14. Bh2 e5 15. dxe5 dxe5 16. Rcd1 Nc5 17. Qc2 Nfe4 18. Nc4 Nd7 19. Bf1 Rae8 20. Na3 Bc6 21.
Bb5 Nb8 22. Bxc6 Nxc6 23. Nc4 Qc5 24. Ncd2 Nd6 25. Nb3 Nb4 26. Qd2 Qc4 27. Na1 Na6 0-1

[Event "*** SCC Grand Prix: Titled Tuesday Blitz"]
[Site "Chess.com"]
[Date "2020.08.04"]
[Round "7"]
[White "Donskov_AN"]
[Black "smartinusa"]
[Result "1-0"]
[WhiteElo "2458"]
[BlackElo "2546"]
[TimeControl "180+1"]
[EndTime "15:00:36 PDT"]
[Termination "Donskov_AN won by resignation"]

1. e4 e5 2. Nf3 Nc6 3. Nc3 Nf6 4. d4 exd4 5. Nxd4 Bb4 6. Nxc6 bxc6 7. Bd3 d5 8. exd5 O-O 9. O-O cxd5 10. h3 c6 11. Qf3 Rb8 12. Bf4 Bd6 13. b3 Rb4 14. Ne2 Ne4 15. Rad1 Bxf4 16. Nxf4 Nc3 17. a3 Rxf4 18.
Qxf4 Nxd1 19. Rxd1 Re8 20. b4 g6 21. c3 Qe7 22. Qd4 Qc7 23. a4 a5 24. Qc5 axb4 25.
cxb4 Qe7 26. Rc1 Qg5 27. Kh1 Bd7 28. a5 Qh6 29. Bf1 Re4 30. a6 Rxb4 31. a7 Ra4 32. Rb1 Kg7 33. Rb8 Bxh3 34. Qf8+ Kf6 35. Qxh6 1-0

[Event "*** SCC Grand Prix: Titled Tuesday Blitz"]
[Site "Chess.com"]
[Date "2020.08.04"]
[Round "7"]
[White "PawnEatingZombie"]
[Black "JMatias"]
[Result "0-1"]
[WhiteElo "2240"]
[BlackElo "2405"]
[TimeControl "180+1"]
[EndTime "15:00:37 PDT"]
[Termination "JMatias won on time"]

1. d4 Nf6 2. c4 e6 3. Nc3 Bb4 4. Qc2 c5 5. dxc5 Bxc5 6. Nf3 Qb6 7. e3 Be7 8. Be2 a6 9. O-O Qc7 10. b3 b6 11. Bb2 Bb7 12. Rac1 d6 13. Nd4 Nbd7 14. f4 O-O 15. g4 Nc5 16. g5 Nfe4 17. Bf3 Nxc3 18. Bxc3 Bxf3 19. Rxf3 Qb7 20. Rff1 b5 21. Qg2 Qxg2+ 22. Kxg2 bxc4 23. bxc4 Rfc8 24. Rfd1 Rab8 25. Rb1 Ne4 26. Ba5 Kf8 27. Rdc1 Ke8 28. Rb3 Nc5 29. Rxb8 Rxb8 30. Kf3 Rb2 31. Rc2 Rb1 32.
Bd2 Kd7 33. Bc3 f6 34. h4 f5 35. Rb2 Rc1 36. Bb4 Ne4 0-1